 Dungeon Crawl Stone Soup version 0.22-a0-565-gfc6459a (webtiles) character file.

3400 theanonym the Thaumaturge (level 9, -13/57 HPs)
             Began as a Mummy Air Elementalist on June 28, 2018.
             Was a Follower of Vehumet.
             Killed from afar by a steam dragon (30 damage)
             ... with a ball of steam
             ... on level 7 of the Dungeon.
             The game lasted 00:23:43 (11402 turns).

theanonym the Thaumaturge (Mummy Air Elementalist) Turns: 11402, Time: 00:23:43

Health: -13/57     AC:  6    Str: 12    XL:     9   Next: 75%
Magic:  24/31      EV: 12    Int: 19    God:    Vehumet [*.....]
Gold:   241        SH:  0    Dex: 12    Spells: 9/27 levels left

rFire    x . .     SeeInvis .   a - +2 dagger (venom)
rCold    + . .     Gourm    .   (no shield)
rNeg     + + +     Faith    .   e - +2 robe {MR+}
rPois    ∞         Spirit   .   k - +0 helmet
rElec    .         Reflect  .   c - +0 cloak
rCorr    .         Harm     .   (no gloves)
MR       ++...                  (no boots)
Stlth    ++........             (no amulet)
HPRegen  0.19/turn              j - +2 ring of intelligence
MPRegen  0.22/turn              b - ring of magical power

@: no status effects
A: no food or potions, fire vulnerability, cold resistance 1, negative energy
resistance 3, torment resistance, unbreathing
a: Renounce Religion


Innate Abilities, Weirdness & Mutations

You do not eat or drink.
Your flesh is vulnerable to fire.
You are immune to poison.
Your flesh is cold resistant. (rC+)
You are immune to negative energy. (rN+++)
You are immune to unholy pain and torment.
You can survive without breathing.


   Skills:
 - Level 1.5 Dodging
 - Level 1.5 Stealth
 + Level 9.9 Spellcasting
 + Level 6.9 Conjurations
 + Level 7.1 Air Magic


You had 9 spell levels left.
You knew the following spells:

 Your Spells              Type           Power        Failure   Level  Hunger
a - Shock                 Conj/Air       ####         1%          1    N/A
b - Static Discharge      Conj/Air       #####...     1%          3    N/A
c - Airstrike             Air            #####.....   4%          4    N/A
d - Mephitic Cloud        Conj/Pois/Air  ####....     3%          3    N/A
e - Lightning Bolt        Conj/Air       #####.....   12%         5    N/A
l - Blink                 Tloc           N/A          12%         2    N/A

Your spell library contained the following spells:

 Spells                   Type           Power        Failure   Level  Hunger
 Magic Dart               Conj           ####         1%          1    N/A
 Conjure Flame            Conj/Fire      ###.....     5%          3    N/A
 Slow                     Hex            #.......     12%         2    N/A
 Iskenderun's Mystic Bla  Conj           #####...     4%          4    N/A
 Call Imp                 Summ           #.......     12%         2    N/A
 Swiftness                Chrm/Air       ###.....     2%          2    N/A
 Fulminant Prism          Conj/Hex       ###.......   19%         4    N/A
 Dazzling Spray           Conj/Hex       ###...       5%          3    N/A
 Force Lance              Conj/Tloc      ###.....     19%         4    N/A
 Searing Ray              Conj           #####.       1%          2    N/A

Skill      XL: |  1  2  3  4  5  6  7  8  9 |
---------------+----------------------------+-----
Conjurations   | 1 2 3 4 5 6 |  6.9
Spellcasting   | 3 4 5 6 8 9 |  9.9
Air Magic      | 3 4 5 6 7 |  7.1
Dodging        | |  1.5
Stealth        | |  1.5

Action                   |  1- 3 |  4- 6 |  7- 9 || total
-------------------------+-------+-------+-------++-------
Melee: Dagger            |    41 |    90 |    27 ||   158
       Unarmed           |     4 |       |       ||     4
 Cast: Shock             |    63 |   113 |    67 ||   243
       Static Discharge  |       |     7 |       ||     7
       Mephitic Cloud    |       |     3 |     5 ||     8
       Airstrike         |       |       |   131 ||   131
  Use: Scroll            |       |     3 |     6 ||     9
 Stab: Sleeping          |       |       |     1 ||     1
Armor: Robe              |     7 |    32 |    14 ||    53
Dodge: Dodged            |    57 |    53 |    25 ||   135

Inventory:

Hand Weapons
 a - a +2 dagger of venom (weapon)
   (You took it off a goblin on level 1 of the Dungeon)
Missiles
 v - a throwing net (quivered)
Armour
 c - a +0 cloak (worn)
   (You took it off Crazy Yiuf on level 2 of the Dungeon)
 d - a +0 robe
 e - a +2 robe of magic resistance (worn)
   (You took it off an orc wizard on level 5 of the Dungeon)
 i - a +2 robe of cold resistance
   (You took it off an orc wizard on level 7 of the Dungeon)
 k - a +0 helmet (worn)
   (You took it off Robin on level 2 of the Dungeon)
Jewellery
 b - a ring of magical power (right hand)
   (You took it off a hobgoblin on level 2 of the Dungeon)
 j - a +2 ring of intelligence (left hand)
   (You found it on level 2 of the Dungeon)
Wands
 g - a wand of iceblast (7)
   (You found it on level 6 of the Dungeon)
 l - a wand of polymorph (6)
   (You took it off Robin on level 2 of the Dungeon)
 o - a wand of flame (32)
   (You took it off a kobold on level 4 of the Dungeon)
 w - a wand of random effects (47)
   (You found it on level 5 of the Dungeon)
Scrolls
 f - a scroll of fog
 h - a scroll of immolation
 m - 2 scrolls of amnesia {unknown}
 n - 3 scrolls of remove curse
 q - a scroll of enchant armour
 r - a scroll of identify
 s - a scroll of fear {unknown}
 t - 5 scrolls of teleportation {!r}
 y - a scroll of magic mapping
 B - a scroll of blinking


You were on level 7 of the Dungeon.
You worshipped Vehumet.
Vehumet was aware of your devotion.
You were not hungry.

You visited 1 branch of the dungeon, and saw 7 of its levels.

You collected 409 gold pieces.
You spent 168 gold pieces at shops.

Dungeon Overview and Level Annotations

Branches:
Dungeon (7/15)             Temple (0/1) D:4

Altars:
Okawaru
Trog
Vehumet

Shops:
D:4 ?   D:5 *

Annotations:
D:2 Paulus's ghost, amateur VSFi

#####.##### #.#
#.# ### ## #.#
#.. .# ##.####
#.# D# #.....#
#.# .#
#.###.####.####.#
#. #.!....§§.#§#
.. #.####.##@#§#
.#. ...# #...§D.#
......## ####.###
# #...# #.# !....
#.# ###.# #.# #.
... .#. .


You could see a steam dragon.

Notes
Turn   | Place    | Note
-------+----------+-------------------------------------------
     0 | D:1      | theanonym the Mummy Air Elementalist began the quest for the Orb.
     0 | D:1      | Reached XP level 1. HP: 13/13 MP: 4/4
   121 | D:1      | Reached skill level 1 in Conjurations
   257 | D:1      | HP: 5/13 [jackal (2)]
   269 | D:1      | Reached XP level 2. HP: 6/19 MP: 0/5
   272 | D:1      | Reached skill level 3 in Spellcasting
   492 | D:1      | HP: 9/19 [jackal (2)]
   497 | D:1      | HP: 3/19 [jackal (3)]
  1173 | D:1      | Reached XP level 3. HP: 22/24 MP: 1/7
  1823 | D:2      | Noticed Robin
  1831 | D:2      | Killed Robin
  1831 | D:2      | Reached skill level 2 in Conjurations
  1951 | D:2      | Reached XP level 4. HP: 30/30 MP: 0/9
  2554 | D:2      | HP: 15/30 [crimson imp (1)]
  2559 | D:2      | Reached skill level 3 in Air Magic
  2559 | D:2      | HP: 13/30 [giant cockroach (1)]
  2800 | D:2      | HP: 15/30 [worm (6)]
  2808 | D:2      | Learned a level 3 spell: Static Discharge
  2811 | D:2      | Learned a level 2 spell: Blink
  2815 | D:2      | Learned a level 3 spell: Mephitic Cloud
  2960 | D:2      | HP: 14/30 [scorpion (3)]
  2963 | D:2      | HP: 1/30 [scorpion (7)]
  2964 | D:2      | Reached skill level 4 in Spellcasting
  2964 | D:2      | Reached skill level 3 in Conjurations
  2964 | D:2      | Reached XP level 5. HP: 1/35 MP: 0/11
  3332 | D:2      | Found an iron altar of Okawaru.
  3566 | D:2      | Found a runed door.
  3626 | D:2      | Noticed Crazy Yiuf
  3634 | D:2      | Killed Crazy Yiuf
  3778 | D:3      | Noticed Purgy
  3782 | D:2      | HP: 16/35 [/static electricity (3)]
  4044 | D:2      | HP: 16/35 [/static electricity (2)]
  4264 | D:3      | Killed Purgy
  4264 | D:3      | Reached XP level 6. HP: 41/41 MP: 10/13
  4355 | D:3      | Found a runed door.
  4358 | D:3      | Noticed Paulus's ghost (amateur VSFi)
  4533 | D:3      | Noticed an orc warrior
  4554 | D:3      | Killed an orc warrior
  4554 | D:3      | Reached skill level 5 in Spellcasting
  4560 | D:3      | HP: 15/41 [orc priest/divine providence (10)]
  4564 | D:3      | Reached skill level 4 in Air Magic
  4862 | D:3      | Reached XP level 7. HP: 26/46 MP: 7/15
  4868 | D:3      | Learned a level 4 spell: Airstrike
  4953 | D:3      | Reached skill level 4 in Conjurations
  5020 | D:3      | Found a bloodstained altar of Trog.
  5249 | D:3      | Noticed Sigmund
  5280 | D:3      | Killed Sigmund
  5280 | D:3      | Reached skill level 6 in Spellcasting
  5554 | D:3      | Found a faded altar of an unknown god.
  5706 | D:4      | Found a radiant altar of Vehumet.
  5715 | D:4      | Became a worshipper of Vehumet
  5767 | D:4      | Found a staircase to the Ecumenical Temple.
  6113 | D:4      | Found Kat Raudd's Magic Scroll Shoppe.
  6118 | D:4      | Bought a scroll of identify for 26 gold pieces
  6118 | D:4      | Bought a scroll of magic mapping for 45 gold pieces
  6203 | D:4      | Reached skill level 5 in Air Magic
  6203 | D:4      | Reached XP level 8. HP: 52/52 MP: 8/18
  6614 | D:5      | Entered Level 5 of the Dungeon
  6722 | D:5      | Noticed Blork the orc
  6726 | D:5      | Killed Blork the orc
  6726 | D:5      | Reached skill level 7 in Spellcasting
  6912 | D:5      | Noticed Prince Ribbit
  6922 | D:5      | Killed Prince Ribbit
  6922 | D:5      | Reached skill level 5 in Conjurations
  7492 | D:5      | Found Jadwinla's Serpentskin Sales.
  7786 | D:4      | Bought a scroll of enchant armour for 97 gold pieces
  7839 | D:6      | Reached skill level 8 in Spellcasting
  8055 | D:6      | Learned a level 5 spell: Lightning Bolt
  8098 | D:6      | Reached skill level 6 in Air Magic
  8240 | D:6      | Reached XP level 9. HP: 36/57 MP: 5/21
  8425 | D:6      | HP: 28/57 [orc/mace of pain (7)]
  8444 | D:6      | Reached skill level 6 in Conjurations
  8742 | D:6      | Reached * piety under Vehumet
  8742 | D:6      | Offered knowledge of Flame Tongue by Vehumet.
  9939 | D:7      | Reached skill level 9 in Spellcasting
 11035 | D:7      | Reached skill level 7 in Air Magic
 11402 | D:7      | HP: 17/57 [steam dragon] (16)]
 11402 | D:7      | Killed from afar by a steam dragon

Vanquished Creatures
  Prince Ribbit (D:5)
  A hippogriff (D:7)
  Sigmund (D:3)
  A spriggan (D:7)
  A water moccasin (D:5)
  Purgy (D:3)
  3 sky beasts
  4 orc warriors
  An ice beast (D:6)
  A phantom (D:3)
  An ogre (D:4)
  3 centaurs
  Blork the orc (D:5)
  3 bullfrogs
  A scorpion (D:2)
  4 wights (D:7)
  3 howler monkeys
  A crimson imp (D:2)
  Crazy Yiuf (D:2)
  A jelly (D:6)
  2 orc priests
  3 hounds
  10 orc wizards
  3 worker ants
  Robin (D:2)
  A howler monkey skeleton (D:4)
  7 adders
  A shadow imp (D:6)
  An adder zombie (D:7)
  4 worms
  A dart slug (D:3)
  2 leopard geckos
  25 orcs
  5 giant cockroaches
  20 goblins
  11 hobgoblins
  9 jackals
  7 kobolds
  5 quokkas
  4 ball pythons
  5 bats
  10 frilled lizards
  A jackal skeleton (D:6)
  A quokka skeleton (D:6)
  10 rats
  A fungus (D:2)
184 creatures vanquished.

Table legend:
 A = Turns spent in this place as a percentage of turns spent in the entire game.
 B = Non-inter-level travel turns spent in this place as a percentage of non-inter-level travel turns spent in the entire game.
 C = Inter-level travel turns spent in this place as a percentage of turns spent in this place.
 D = Turns resting spent in this place as a percentage of non-inter-level travel turns spent in this place.
 E = Turns spent auto-exploring this place as a percentage of non-inter-level travel turns spent in this place.
 F = Non-inter-level travel turns spent in this place divided by the number of levels of this place that you've seen.
                   A       B       C       D       E      F
               +-------+-------+-------+-------+-------+----------------------
         Total | 100.0 | 100.0 |   6.3 |  43.5 |  44.4 | 1526.1
       Dungeon | 100.0 | 100.0 |   6.3 |  43.5 |  44.4 | 1526.1
               +-------+-------+-------+-------+-------+----------------------
